 Dungeon Crawl Stone Soup version 0.26.1-2-gb8aa6d0cf2 (webtiles) character file.

Game seed: 16577302603615729182

184 KittyFluff the Cudgeller (level 5, -2/51 HPs)
             Began as a Gargoyle Berserker on Feb 11, 2021.
             Was a Believer of Trog.
             Killed by divine providence
             ... invoked by an orc priest
              (16 damage)
             ... on level 3 of the Dungeon.
             The game lasted 00:09:40 (2163 turns).

KittyFluff the Cudgeller (Gargoyle Berserker)       Turns: 2163, Time: 00:09:41

Health: -2/51      AC: 10    Str: 21    XL:     5   Next: 64%
Magic:  5/5        EV: 12    Int:  7    God:    Trog [**....]
Gold:   144        SH:  0    Dex: 10    Spells: 4/4 levels left

rFire    . . .     SeeInvis .   a - +0 mace
rCold    . . .     Faith    .   (no shield)
rNeg     + . .     Spirit   .   j - +0 leather armour (curse)
rPois    ∞         Reflect  .   k - +2 hat
rElec    +         Harm     .   (no cloak)
rCorr    .         Rampage  .   o - +0 pair of gloves
Will     .....                  (no boots)
Stlth    ..........             (no amulet)
HPRegen  0.17/turn              (no ring)
MPRegen  0.09/turn              (no ring)

@: berserking, very quick
A: negative energy resistance 1, electricity resistance, unbreathing,
petrification resistance, miasma immunity, AC +4
a: Renounce Religion, Berserk, Trog's Hand


You were on level 3 of the Dungeon.
You worshipped Trog.
Trog was pleased with you.
You visited 1 branch of the dungeon, and saw 3 of its levels.

You collected 144 gold pieces.

Inventory:

Hand Weapons
 a - a +0 mace (weapon)
Missiles
 n - 22 sling bullets
 p - 65 arrows
 u - 10 poisoned darts
Armour
 i - a +0 helmet
 j - a cursed +0 leather armour (worn)
 k - a +2 hat (worn)
 o - a +0 pair of gloves (worn)
Jewellery
 g - an uncursed amulet of magic regeneration {unknown}
 q - an uncursed amulet of guardian spirit
Wands
 v - a wand of digging (6)
Scrolls
 b - a scroll of blinking {unknown}
 c - a scroll of identify
 d - a scroll of fog {unknown}
 f - 2 scrolls of teleportation {unknown}
 r - a scroll of remove curse {unknown}
 s - a scroll of enchant weapon {unknown}
Potions
 e - a potion of lignification
 h - a potion of heal wounds
 l - a potion of attraction
 m - a potion of invisibility
 t - a potion of curing


   Skills:
 + Level 4.3 Fighting
 + Level 4.5 Maces & Flails
 * Level 3.3 Armour
 + Level 2.2 Dodging
 + Level 0.2 Stealth


You had 4 spell levels left.
You didn't know any spells.
Your spell library was empty.

Dungeon Overview and Level Annotations

Branches:
Dungeon (3/15)

Altars:
Elyvilon


Innate Abilities, Weirdness & Mutations

You are resistant to torment.
Your stone body is resilient. (AC +4)
You are immune to poison.
You resist negative energy. (rN+)
You are resistant to electric shocks. (rElec)
You can survive without breathing.
You are immune to petrification.
You are immune to miasma.


Message History

Trog accepts your kill.
The orc priest miscasts a cantrip.
You closely miss the frilled lizard.
The frilled lizard bites you but does no damage.
The frilled lizard barely misses you.
You barely miss the frilled lizard.
The orc priest invokes the aid of Beogh against you.
Beogh smites you!
* * * LOW HITPOINT WARNING * * *
The frilled lizard misses you.
A red film seems to cover your vision as you go berserk!
You feel yourself moving faster!
You feel mighty! The frilled lizard barely misses you.
You thump the frilled lizard!
You kill the frilled lizard!
Trog accepts your kill.
You barely miss the orc. The orc hits you but does no damage.
The orc priest mumbles some strange prayers to Beogh against you.
Beogh smites you!
You die...

#...........#
..#..
########..#.#
......# #....#
..#..##
##.#...# #. .#
#..##....#
##.## ...## #.
##..# ..# #.
#..## #.# #.
#@## .. .. #o#
##
#.....oo...# #
....g......g.#
#
######..####.#
..## .. #).
... ....


You could see 2 orc priests and an orc.

Vanquished Creatures
  Ijyb (D:3)
  5 gnolls
  4 adders
  2 oozes
  2 worms (D:2)
  A dart slug (D:1)
  6 orcs (D:3)
  3 giant cockroaches (D:1)
  A goblin (D:1)
  10 hobgoblins
  4 jackals
  4 kobolds (D:3)
  2 quokkas
  A ball python (D:3)
  4 bats
  3 frilled lizards
  3 rats
56 creatures vanquished.

Notes
Turn   | Place    | Note
-------+----------+-------------------------------------------
     0 | D:1      | KittyFluff the Gargoyle Berserker began the quest for the
                  | Orb.
     0 | D:1      | Reached XP level 1. HP: 14/14 MP: 1/1
   415 | D:1      | Reached XP level 2. HP: 18/19 MP: 2/2
   831 | D:1      | Reached XP level 3. HP: 23/24 MP: 3/3
  1279 | D:2      | Reached XP level 4. HP: 21/29 MP: 4/4
  1849 | D:3      | Reached ** piety under Trog
  1853 | D:3      | Noticed Ijyb
  1865 | D:3      | Killed Ijyb
  1866 | D:3      | Reached XP level 5. HP: 33/33 MP: 5/5
  2071 | D:3      | Found a white marble altar of Elyvilon.
  2163 | D:3      | Killed from afar by an orc priest

Illustrated notes

Levels and vault maps discovered:
D:1:      matt_arrival_refuge, layout_loops_ring, minmay_worlds_worst_comb
D:2:      layout_loops_ring, minmay_pentomino_p4
D:3:      layout_rooms, elyvilon_altar_4, uniq_ijyb

Skill      XL: |  1  2  3  4  5 |
---------------+----------------+-----
Armour         | 3 |  3.3
Fighting       | 4 |  4.3
Maces & Flails | 4 |  4.5
Dodging        | 2 |  2.2
Stealth        | |  0.2

Action                   |  1- 3 |  4- 6 || total
-------------------------+-------+-------++-------
Melee: Mace              |    82 |   158 ||   240
Invok: Berserk           |       |     2 ||     2
  Use: Scroll            |       |     5 ||     5
Armor: Leather armour    |    34 |    87 ||   121
Dodge: Dodged            |    65 |   127 ||   192
